 Dungeon Crawl Stone Soup version 0.18.1-48-g4cf74bf (webtiles) character file.

864914 Minks the Hoplite (level 27, -7/218 (220) HPs)
             Began as a Demonspawn Gladiator on Sept 2, 2016.
             Was the Champion of Ru.
             Mangled by a reaper
             ... wielding a +4 scythe of flaming
             ... created by the effects of Hell
              (33 damage)
             ... on level 7 of Tartarus on Sept 3, 2016.
             The game lasted 05:51:50 (64936 turns).

Minks the Hoplite (Demonspawn Gladiator)           Turns: 64936, Time: 05:51:50

HP:   -7/218 (220)  AC: 32    Str: 19 (22) XL:     27
MP:   22/22         EV: 28    Int: 13      God:    Ru [******]
Gold: 5165          SH: 35    Dex: 36 (43) Spells: 0 memorised, 26 levels left

rFire  + + .     SeeInvis +     h - +5 eveningstar of Purpose {freeze, rF+ Int+3}
rCold  + + .     Gourm    .     n - +2 gold dragon armour
rNeg   + + +     Faith    .     S - +8 large shield {AC+3}
rPois  +         Spirit   .     (helmet unavailable)
rElec  +         Dismiss  .     U - +2 cloak of Starlight {rElec rC+ EV+4 Stlth--}
rCorr  +         Reflect  .     m - +1 pair of gloves of Pride {rF- rN+++ Str-2 Dex+10}
SustAt .         Harm     .     L - +0 pair of boots of the Boiling Point {rPois MR- Dex+7 SInv}
MR     +....                    u - amulet of Vitality {Regen+ HP+15}
Stlth  ..........               y - ring "Veobupsi" {rCorr +Blink rPois Dex+3}
                                j - ring of protection from fire

@: agile, lethally poisoned (-7 -> -9), exhausted, no potions, corroded, very
slightly contaminated, hasted and slowed, drained, somewhat resistant to hostile
enchantments, extremely unstealthy
A: horns 3, frail 1, low mp 3, powered by pain 3, spiny 3, augmentation 3,
inability to drink while threatened, no stealth, hated by all, no air magic, no
conjurations magic, no transmutations magic, sturdy frame 3
a: Draw Out Power, Power Leap, Apocalypse, Renounce Religion, Evoke Blink
}: 9/15 runes: decaying, serpentine, slimy, silver, golden, iron, obsidian, icy,
abyssal


You were on level 7 of Tartarus.
You worshipped Ru.
Ru was exalted by your worship.
You were full.

You visited 17 branches of the dungeon, and saw 87 of its levels.
You visited the Abyss 5 times.
You also visited: Labyrinth and Wizlab.

You collected 9502 gold pieces.
You spent 4283 gold pieces at shops.

Inventory:

Hand Weapons
 a - the +10 flail "Pedwad" {freeze, rElec rC+ Int-3 Dex+4}
   (You found it on level 5 of the Lair of Beasts)

   It has been specially enchanted to freeze those struck by it, causing extra
   injury to most foes and up to half again as much damage against particularly
   susceptible opponents.
   It can also slow down cold-blooded creatures.
   It affects your intelligence (-3).
   It affects your dexterity (+4).
   It protects you from cold.
   It insulates you from electricity.
 h - the +5 eveningstar of Purpose (weapon) {freeze, rF+ Int+3}
   (You found it on level 3 of the Tomb of the Ancients)

   It has been specially enchanted to freeze those struck by it, causing extra
   injury to most foes and up to half again as much damage against particularly
   susceptible opponents.
   It can also slow down cold-blooded creatures.
   It affects your intelligence (+3).
   It protects you from fire.
 w - a +9 eveningstar
Missiles
 d - 10 throwing nets (quivered)
Armour
 m - the +1 pair of gloves of Pride (worn) {rF- rN+++ Str-2 Dex+10}
   (You found it on level 3 of the Elven Halls)

   It affects your strength (-2).
   It affects your dexterity (+10).
   It makes you vulnerable to fire.
   It renders you almost immune to negative energy.
 n - a +2 gold dragon armour (worn)
 L - the +0 pair of boots of the Boiling Point (worn) {rPois MR- Dex+7 SInv}
   (You acquired it on level 3 of the Elven Halls)

   It affects your dexterity (+7).
   It protects you from poison.
   It affects your resistance to hostile enchantments.
   It lets you see invisible.
 S - a +8 large shield of protection (worn)
 U - the +2 cloak of Starlight (worn) {rElec rC+ EV+4 Stlth--}
   (You found it on level 1 of the Orcish Mines)

   It affects your evasion (+4).
   It protects you from cold.
   It insulates you from electricity.
   It makes you much less stealthy.
Rods
 F - a +5 lightning rod (10/10)
   (You found it in a labyrinth)
Jewellery
 j - a ring of protection from fire (left hand)
 r - the ring "Tes Gemm" {MP+9 Str+3 Int+4 Dex+6 Slay-3}
   (You found it on level 3 of the Crypt)

   [ring of intelligence]

   It affects your strength (+3).
   It affects your intelligence (+4).
   It affects your dexterity (+6).
   It affects your accuracy and damage with ranged weapons and melee attacks
   (-3).
   It affects your magic capacity (+9).
 u - the amulet of Vitality (around neck) {Regen+ HP+15}
   (You found it on level 3 of the Tomb of the Ancients)

   [amulet of regeneration]

   It affects your health (+15).
   It increases your rate of regeneration.
 y - the ring "Veobupsi" (right hand) {rCorr +Blink rPois Dex+3}
   (You took it off a deep elf elementalist on level 3 of the Elven Halls)

   [ring of resist corrosion]

   It affects your dexterity (+3).
   It protects you from poison.
   It lets you blink.
 N - the amulet of the Air {Inacc +Fly rElec EV+5 RMsl}
   (You found it on level 3 of the Tomb of the Ancients)

   [amulet of inaccuracy]

   It reduces the accuracy of all your attacks.
   It affects your evasion (+5).
   It insulates you from electricity.
   It lets you fly.
   It protects you from missiles.
 V - the ring of the Eagle {MP+9 Str+2 Int+4 Dex+2}
   (You found it on level 8 of the Lair of Beasts)

   [ring of magical power]

   It affects your strength (+2).
   It affects your intelligence (+4).
   It affects your dexterity (+2).
   It affects your magic capacity (+9).
 W - the amulet of the Morning {+Rage +Inv Str+2 Int-4 Slay+5}
   (You found it on level 2 of the Swamp)

   [amulet of rage]

   It affects your strength (+2).
   It affects your intelligence (-4).
   It affects your accuracy and damage with ranged weapons and melee attacks
   (+5).
   It lets you turn invisible.
   It lets you go berserk.
Wands
 g - a wand of heal wounds (1/9)
 i - a wand of disintegration (2/24)
Scrolls
 b - a scroll of recharging
 e - 5 scrolls of fog
 o - 3 scrolls of enchant weapon
 s - 15 scrolls of remove curse
 x - 5 scrolls of fear
 D - a scroll of silence
 Z - 6 scrolls of magic mapping
Potions
 k - 5 potions of heal wounds
 q - 5 potions of flight
 v - 5 potions of berserk rage
 z - 9 potions of curing
 B - 4 potions of cure mutation
 C - 2 potions of might
 E - a potion of invisibility
 G - 3 potions of agility
 I - 2 potions of resistance
 M - 4 potions of brilliance
 P - 3 potions of magic
 R - 3 potions of cancellation
 T - 2 potions of ambrosia
Books
 p - a book of Necromancy

   Spells                             Type                      Level
   a - Pain                           Necromancy                   1
   b - Animate Skeleton               Necromancy                   1
   c - Vampiric Draining              Necromancy                   3
   d - Regeneration                   Charms/Necromancy            3
   e - Animate Dead                   Necromancy                   4
   f - Control Undead                 Necromancy                   4
Miscellaneous
 t - a fan of gales
 O - a figurine of a ziggurat
 Q - a lamp of fire
 X - a legendary deck of wonders {the Mercenary, drawn: 1}
 Y - a disc of storms
Comestibles
 c - 7 meat rations
 f - 18 bread rations
 H - 30 fruits
 J - 17 royal jellies


   Skills:
 - Level 21.0(19.7) Fighting
   Level 4.4(3.6) Long Blades
 - Level 18.4(17.2) Maces & Flails
 - Level 3.0(2.2) Throwing
 * Level 21.0(19.8) Armour
 * Level 17.4(16.3) Dodging
 * Level 26.3(24.9) Shields
 - Level 11.5(10.5) Evocations


You had 26 spell levels left.
You didn't know any spells.

Dungeon Overview and Level Annotations

Branches:
Dungeon (15/15)            Temple (1/1) D:5            Lair (8/8) D:9
  Swamp (4/4) Lair:3        Snake (4/4) Lair:6        Slime (6/6) Lair:8
    Orc (2/2) D:9             Elf (3/3) Orc:2        Vaults (5/5) D:13
  Crypt (3/3) Vaults:2       Tomb (3/3) Crypt:3      Depths (4/5) D:15
   Hell (1/1)                 Dis (7/7) Hell            Geh (7/7) Hell
    Coc (7/7) Hell            Tar (7/7) Hell

Altars:
Ashenzari
Cheibriados
Dithmenos
Elyvilon
Fedhas
Gozag
Kikubaaqudgha
Makhleb
Nemelex Xobeh
Okawaru
Pakellas
Qazlal
Ru
Sif Muna
Trog
Vehumet
Xom
Yredelemnul
Zin
The Shining One
Beogh
Jiyva

Shops:
Orc:1 (   Orc:2 *[=*(   Vaults:2 ?   Vaults:5 [*?}%

Portals:
Hell: Depths:4
Trove: D:10 (give +4 ice dragon armour)

Annotations:
Swamp:4 Lernaean hydra
Dis:7 Dispater
Geh:7 Asmodeus
Coc:7 Antaeus
Tar:7 Serpent of Hell


Innate Abilities, Weirdness & Mutations

You have a pair of large horns on your head.
You are frail (-10% HP).
Your magical capacity is extremely low (-30% MP).
You are powered by pain.
You are completely covered in sharp spines.
Your magical and physical power is greatly enhanced at high health.
You cannot drink potions while threatened.
You cannot be stealthy.
You are hated by all.
You cannot study or cast Air magic.
You cannot study or cast Conjurations magic.
You cannot study or cast Transmutations magic.
Your movements are significantly less encumbered by armour (ER -6).


Message History

You sense a hostile presence.
You feel clumsy.
A bone dragon, a reaper and an ice devil come into view.
Quiver which item? (- for none, * to show all) (? for menu, Esc to quit)
Okay, then.
Drink which item? (? for menu, Esc to quit)
You feel yourself speed up.
You feel sick.
You are very lightly contaminated with residual magic.
You block the Serpent of Hell's attack. x2
The Serpent of Hell completely misses you.
The Serpent of Hell closely misses you. The Serpent of Hell tramples you.
* * * LOW HITPOINT WARNING * * *
You hold your ground!
You block the storm dragon's attack.
The storm dragon claws you but does no damage.
The storm dragon tramples you but does no damage.
The bone dragon misses you. You block the bone dragon's attack.
The bone dragon completely misses you.
The reaper hits you from afar with a scythe of flaming!!
You feel threatened and lose the ability to drink potions!
You die...

#.......#,,,,,,,,,,
#.......#*,*,*,*,*,
#.......#,,,,,,,,,,
#......Z#,*,*,*,*,*
#.......#,,,,,,,,,,
#...DV..#*******,*,
#...D...#,,,,,,*,,,
#.D.D...#,*,,*,**,*
#.@D4...#,,,,,,+,,,
#D4.....###########
#.2.........DZ.D.DD
#............D...D.
#..................
#..................
#........∩.........
#..................
#..................


You could see the Serpent of Hell, a bone dragon, a shadow dragon, an iron
dragon, 2 storm dragons, a reaper, a vampire knight (invisible), 2 ice devils
and a dire elephant skeleton.

Vanquished Creatures
  the Royal Jelly (Slime:6)
  Khufu (Tomb:2)
  3 ancient liches
  Sojobo (Depths:4)
  30 greater mummies
  Saint Roka (Elf:2)
  Frederick (Depths:4)
  Margery (Crypt:2)
  Vashnia (Snake:3)
  3 golden dragons
  Geryon (Hell)
  An iron giant (Dis:7)
  8 bone dragons
  Xtahua (Vaults:5)
  8 Tzitzimimeh
  4 doom hounds
  9 Brimstone Fiends
  Jorgrun (Elf:2)
  3 tentacled monstrosities (Vaults:5)
  7 Ice Fiends
  8 Hell Sentinels (Dis:7)
  3 titans (Vaults:5)
  2 deep elf master archers (Elf:3)
  2 deep elf blademasters (Elf:2)
  The ghost of crawlcharacter the Axe Maniac, an adept HOBe of Trog (Swamp:1)
  6 liches
  Murray (Hell)
  18 acid blobs
  7 sphinxes
  3 Executioners
  An eldritch tentacle (Tar:2)
  2 tentacled starspawn
  Gastronok (Lair:2)
  4 storm dragons
  4 ancient champions
  8 shadow dragons
  A thorn hunter (Abyss:3)
  5 revenants
  6 tengu reavers
  3 fire giants
  13 greater nagas
  Roxanne (Swamp:3)
  18 azure jellies
  3 frost giants
  Maud (Lair:8)
  Donald (Elf:1)
  5 iron dragons (Dis:7)
  10 vault wardens
  Aizul (Swamp:3)
  The ghost of Minsecho the Destroyer, a journeyman DrCj of Vehumet (Swamp:1)
  9 deep elf sorcerers
  An orc warlord (Orc:1)
  7 deep elf elementalists
  9 balrugs
  30 reapers
  8 ironheart preservers
  9 cacodemons (Dis:7)
  8 war gargoyles
  7 vampire knights
  5 salamander stormcallers
  10 very ugly things
  8 stone giants
  A dire elephant (Abyss:3)
  3 lorocyprocas
  7 deep elf annihilators
  6 bennus
  3 deep elf demonologists
  6 deep elf death magi
  20 mummy priests
  Snorg (Lair:6)
  2 quicksilver dragon zombies
  3 ettins
  3 crystal guardians (Crypt:3)
  4 green deaths
  7 blizzard demons
  3 fire dragons
  25 vault guards
  9 death oozes
  9 deep elf high priests
  Fannar (Lair:1)
  A minotaur (Lab)
  A kraken zombie (Coc:2)
  An ice dragon (shapeshifter) (Vaults:5)
  The ghost of cheese the Basher, a journeyman GrBe of Trog (Orc:1)
  2 quicksilver dragon skeletons
  7 yaktaur captains
  7 rakshasas
  10 ice dragons
  6 great orbs of eyes
  21 hydras
  3 ogre magi
  14 anacondas
  15 naga warriors
  3 ghost crabs
  2 centaur warriors
  26 dancing weapons
  2 vampire magi
  2 deep troll shamans
  15 death yaks
  2 tengu warriors (D:13)
  12 alligators
  13 hell hogs
  19 naga sharpshooters
  2 orc high priests (Orc:2)
  A hell hog (shapeshifter) (WizLab)
  2 thrashing horrors
  6 titan zombies
  4 soul eaters
  51 hell knights
  8 shock serpents
  21 deep elf knights
  A storm dragon zombie (Tomb:2)
  2 fire crabs
  7 sun demons
  4 salamander mystics
  3 iron golems
  3 titan skeletons
  65 skeletal warriors
  2 fire crabs (shapeshifter) (WizLab)
  2 shadow wraiths
  5 wretched stars
  A storm dragon skeleton (Vaults:3)
  16 iron trolls
  27 death scarabs
  2 death drakes
  12 flayed ghosts
  5 deep trolls
  A quicksilver dragon simulacrum (Coc:7)
  A giant orange brain (Slime:6)
  9 sea snakes (Snake:4)
  10 shadow demons
  3 golden dragon zombies
  A spriggan druid (Swamp:4)
  3 wolf spider zombies
  2 shambling mangroves
  7 swamp dragons (Swamp:4)
  An unseen horror (shapeshifter) (WizLab)
  19 hill giants
  5 anaconda zombies
  3 golden dragon skeletons
  8 naga ritualists
  2 unseen horrors
  16 deep elf archers
  A wizard (Depths:4)
  A hill giant (shapeshifter) (Vaults:5)
  20 necromancers
  15 phantasmal warriors
  6 ironbrand convokers
  29 anubis guards
  3 anaconda skeletons
  10 mana vipers
  10 frost giant zombies
  A shadow dragon zombie (Geh:4)
  6 fire giant zombies
  3 orc sorcerers
  3 iron dragon zombies
  An oklob plant (Lair:8)
  3 shadow dragon skeletons
  3 wolf spiders
  12 ugly things
  47 deep elf magi
  An elephant (shapeshifter) (Depths:2)
  A hornet (shapeshifter) (Vaults:2)
  A shining eye (shapeshifter) (WizLab)
  A stone giant zombie (Coc:7)
  9 orc knights
  2 shining eyes
  6 cyclopes
  A manticore (D:13)
  A manticore (shapeshifter) (Vaults:4)
  A worldbinder (Abyss:3)
  18 salamanders
  6 griffons
  3 frost giant skeletons
  2 shock serpent zombies
  2 iron dragon skeletons
  An ice statue (Hell)
  2 stone giant skeletons (Geh:7)
  10 guardian serpents
  8 vault sentinels
  2 fire giant skeletons
  9 elephants
  12 molten gargoyles (Geh:7)
  A torpor snail (Lair:8)
  3 eyes of devastation
  19 rust devils
  8 smoke demons
  3 storm dragon simulacra (Coc:7)
  A gargoyle (D:13)
  5 titan simulacra (Coc:7)
  2 apocalypse crabs
  2 water nymphs (Abyss:3)
  47 black mambas
  2 shock serpent skeletons
  2 dire elephant zombies
  19 naga magi
  2 dire elephant skeletons (Geh:7)
  2 emperor scorpion zombies
  2 efreet
  2 kobold demonologists
  27 yaktaurs
  40 spiny frogs
  2 rime drakes
  A spiny frog (shapeshifter) (WizLab)
  17 hellions
  2 rime drakes (shapeshifter)
  16 freezing wraiths
  8 komodo dragons
  3 anaconda simulacra (Coc:7)
  A demonic crawler (Hell)
  A catoblepas zombie (Crypt:3)
  24 tormentors
  A white draconian zombie (Crypt:2)
  2 yaktaurs (shapeshifter) (WizLab)
  A catoblepas skeleton (Hell)
  15 ice devils
  37 guardian mummies
  3 polar bears
  2 ancient zymes
  5 hydra zombies
  A tengu conjurer (D:13)
  6 trolls
  A harpy zombie (Geh:7)
  A black draconian skeleton (Tomb:1)
  A death drake zombie (Crypt:1)
  2 silent spectres
  2 jumping spiders (shapeshifter) (WizLab)
  A polar bear (shapeshifter) (WizLab)
  A queen bee (shapeshifter) (WizLab)
  3 trolls (shapeshifter) (WizLab)
  28 red devils
  A merfolk (D:9)
  5 hydra skeletons
  2 raiju
  4 giant leeches
  A harpy skeleton (Geh:7)
  8 two-headed ogres
  5 ettin zombies
  2 minotaur skeletons (Lab)
  2 boulder beetles
  2 fire dragon zombies
  2 blink frogs (shapeshifter) (WizLab)
  42 blink frogs
  Grinder (D:6)
  15 bog bodies
  3 human simulacra
  33 ushabtiu
  An iron dragon simulacrum (Hell)
  2 alligator zombies
  A raiju (shapeshifter) (D:14)
  81 slime creatures
  4 ice dragon skeletons
  5 ice dragon zombies
  15 large abominations
  A black mamba zombie (Crypt:2)
  7 ettin skeletons
  57 flying skulls
  A redback (Vaults:4)
  2 spriggans (Swamp:2)
  An air elemental (Elf:2)
  2 alligator skeletons
  22 shadows
  A shock serpent simulacrum (Hell)
  A fire dragon skeleton (Geh:7)
  2 yaks (shapeshifter) (WizLab)
  2 spriggans (shapeshifter) (WizLab)
  A tarantella (shapeshifter) (Vaults:5)
  12 water elementals
  15 wraiths
  22 fire elementals
  31 yaks
  4 wyverns
  A redback (shapeshifter) (WizLab)
  3 ynoxinuls
  2 fire bats (Abyss:3)
  3 neqoxecs
  6 basilisks
  A hog (D:9)
  4 vampires
  Eustachio (D:4)
  5 hungry ghosts
  A basilisk (shapeshifter) (WizLab)
  3 golden eyes (Slime:6)
  9 hippogriffs
  26 vampire mosquitoes
  A warg (shapeshifter) (WizLab)
  3 soldier ants
  11 insubstantial wisps
  A mottled dragon (Vaults:2)
  55 nagas
  Edmund (D:5)
  16 swamp worms
  12 wargs
  A soldier ant (shapeshifter) (Elf:3)
  2 hydra simulacra
  14 small abominations
  50 hell hounds
  A merfolk zombie (Dis:7)
  5 spiny frog zombies
  4 giant eyeballs (WizLab)
  A giant eyeball (shapeshifter) (WizLab)
  13 water moccasins
  A hell hound (shapeshifter) (WizLab)
  9 porcupines
  25 orc warriors
  14 swamp drakes
  A sky beast (D:8)
  A black bear (shapeshifter) (Vaults:2)
  An ice beast (shapeshifter) (WizLab)
  3 manticore zombies
  A wasp (shapeshifter) (WizLab)
  10 black bears
  4 ice beasts
  2 eyes of draining
  10 wasps
  18 necrophages
  29 ogres
  A phantom (Geh:4)
  2 snapping turtle skeletons
  5 boggarts (Vaults:2)
  16 wolves
  2 human skeletons
  5 centaurs
  2 manticore skeletons
  A swamp dragon skeleton (Coc:7)
  20 crocodiles
  5 big kobolds
  An elf zombie (Tomb:1)
  28 giant frogs
  5 earth elementals
  2 gnoll sergeants (D:9)
  A yaktaur skeleton (Crypt:2)
  An elf skeleton (Geh:3)
  A spiny frog simulacrum (Hell)
  A wyvern skeleton (D:9)
  12 killer bees
  3 scorpions
  A queen bee zombie (Crypt:2)
  15 wights
  A spriggan skeleton (Lab)
  7 electric eels
  16 crimson imps
  3 centaur zombies
  6 howler monkeys
  3 giant frog zombies
  3 quasits
  3 hounds
  A human zombie (Tar:3)
  14 iron imps
  19 jellies
  12 orc priests
  3 centaur skeletons
  A giant frog skeleton (D:4)
  5 gnoll shamans
  24 orc wizards
  9 iguanas
  A demonspawn skeleton (Crypt:2)
  10 worker ants
  24 sheep
  2 naga zombies
  A tengu zombie (Dis:7)
  A tengu skeleton (Coc:7)
  A hound zombie (D:5)
  A howler monkey zombie (D:5)
  47 mummies
  4 gnolls (Orc:2)
  A steam dragon zombie (Crypt:2)
  8 adders
  A howler monkey skeleton (D:8)
  57 river rats
  14 shadow imps
  2 white imps
  An adder zombie (D:6)
  2 adder skeletons
  A sheep skeleton (Crypt:1)
  2 worms
  5 dart slugs
  5 giant geckos
  88 orcs
  10 bats
  8 giant cockroaches
  2 gnoll zombies (D:7)
  17 goblins
  6 hobgoblins
  27 jackals
  12 kobolds
  3 quokkas
  3 ball pythons
  A giant gecko zombie (D:6)
  6 giant newts
  A kobold skeleton (Hell)
  An orc skeleton (Geh:5)
  A quokka skeleton (D:8)
  11 rats
  A bush (Lair:8)
  6 crawling corpses
  A fire vortex (Geh:3)
  A fungus (Lair:1)
  A lurking horror (Abyss:2)
  A plant (D:9)
  4 starspawn tentacles
3097 creatures vanquished.

Vanquished Creatures (others)
  An iron giant (Dis:7)
  A lich (Tomb:2)
  2 acid blobs
  2 revenants (Tomb:2)
  3 sphinxes (Tomb:1)
  A tengu reaver (Vaults:5)
  A deep elf sorcerer (Vaults:5)
  A cacodemon (Dis:7)
  2 deep elf elementalists
  2 reapers
  An ettin (Vaults:5)
  A death ooze (Slime:6)
  2 vault guards (Vaults:5)
  A great orb of eyes (Vaults:5)
  2 quicksilver dragon skeletons
  2 naga sharpshooters (Snake:3)
  A shock serpent (Snake:4)
  A storm dragon zombie (Geh:7)
  A sun demon (Geh:6)
  A deep elf knight (Elf:2)
  An iron troll (Dis:7)
  2 skeletal warriors
  A deep troll (Depths:4)
  A golden dragon zombie (Geh:7)
  A storm dragon skeleton (Vaults:3)
  A sea snake (Snake:4)
  A hill giant (D:13)
  A golden dragon skeleton (Geh:7)
  3 anaconda skeletons
  2 slime creatures (Slime:5)
  A salamander (Snake:3)
  2 ugly things
  5 deep elf magi
  An elephant (Lair:7)
  A fire giant skeleton (Geh:7)
  A salamander (shapeshifter) (Vaults:1)
  2 naga magi
  A guardian serpent (shapeshifter) (WizLab)
  3 shock serpent zombies
  2 dire elephant zombies
  A dire elephant skeleton (Tomb:2)
  A yaktaur (Vaults:2)
  A guardian mummy (Tomb:2)
  A hydra zombie (Coc:7)
  An ancient zyme (Abyss:3)
  A harpy zombie (Dis:7)
  A blink frog (Lair:7)
  A wolf spider simulacrum (Hell)
  2 bog bodies
  7 flying skulls
  A small abomination (WizLab)
  A yak (Lair:8)
  A shadow (Geh:3)
  A ynoxinul (Abyss:3)
  2 fire elementals (Geh:2)
  A swamp worm (Swamp:4)
  A warg (Orc:1)
  3 nagas
  A water moccasin (Lair:7)
  A hell hound (Tar:2)
  2 hydra simulacra (Coc:7)
  2 orc warriors
  A swamp drake (Swamp:1)
  An ettin simulacrum (Hell)
  A snapping turtle zombie (Tomb:2)
  A phantom (Tar:2)
  2 wights
  A troll skeleton (Geh:7)
  A crimson imp (Hell)
  An orc priest (Orc:1)
  An orc wizard (Orc:1)
  8 mummies
  A shadow imp (Tar:7)
  4 orcs
  A jackal (D:3)
  2 crawling corpses
  60 fungi
  5 lost souls
  16 plants
  5 starspawn tentacles
  123 starspawn tentacle segments
  4 tentacles (Coc:2)
  8 tentacle segments (Coc:2)
343 creatures vanquished.

Grand Total: 3440 creatures vanquished

Notes
Turn   | Place    | Note
--------------------------------------------------------------
     0 | D:1      | Minks the Demonspawn Gladiator began the quest for the Orb.
     0 | D:1      | Reached XP level 1. HP: 16/16 MP: 1/1
   108 | D:1      | Gained mutation: Your movements are slightly less encumbered by armour (ER -2). [demonic ancestry]
   108 | D:1      | Reached XP level 2. HP: 11/22 MP: 2/2
   579 | D:1      | Reached XP level 3. HP: 25/27 MP: 3/3
   763 | D:2      | Found a shattered altar of Ashenzari.
  1035 | D:2      | Found a bloodstained altar of Trog.
  1263 | D:2      | Reached XP level 4. HP: 10/33 MP: 4/4
  1496 | D:3      | Found a stormy altar of Qazlal.
  1681 | D:3      | Found a stormy altar of Qazlal.
  2116 | D:3      | Noticed Grinder
  2232 | D:3      | Paralysed by Grinder for 7 turns
  2283 | D:4      | Found a radiant altar of Vehumet.
  2293 | D:4      | Noticed Eustachio
  2619 | D:4      | Found an opulent altar of Gozag.
  2942 | D:4      | Reached skill level 1 in Armour
  2942 | D:4      | Gained mutation: You are partially covered in sharp spines. [demonic ancestry]
  2942 | D:4      | Reached XP level 5. HP: 28/39 MP: 5/5
  3184 | D:4      | Reached skill level 5 in Maces & Flails
  3448 | D:4      | Killed Eustachio
  3448 | D:4      | Gained mutation: You have a pair of small horns on your head. [demonic ancestry]
  3448 | D:4      | Reached XP level 6. HP: 30/47 MP: 6/6
  3684 | D:5      | Entered Level 5 of the Dungeon
  3787 | D:5      | Noticed Edmund
  3898 | D:5      | Killed Edmund
  3898 | D:5      | Gained mutation: You sometimes gain a little power by taking damage. [demonic ancestry]
  3898 | D:5      | Reached XP level 7. HP: 25/54 MP: 7/7
  4048 | D:5      | Found a staircase to the Ecumenical Temple.
  4057 | Temple   | Entered the Ecumenical Temple
  4109 | Temple   | Became a worshipper of Ru the Awakened
  4352 | D:5      | Got a smoking long sword
  4353 | D:5      | Identified the +7 long sword of the Dead {freeze, +Blink rF++ MR+ Int+3} (You found it on level 5 of the Dungeon)
  4568 | D:5      | Found a snail-covered altar of Cheibriados.
  4652 | D:5      | Reached skill level 5 in Fighting
  4877 | D:6      | Reached skill level 5 in Armour
  4882 | D:6      | Gained mutation: You sometimes gain power by taking damage. [demonic ancestry]
  4882 | D:6      | Reached XP level 8. HP: 34/62 MP: 8/8
  5233 | D:6      | Killed Grinder
  5298 | D:6      | Gained mutation: You cannot be stealthy. [Ru sacrifice]
  5791 | D:6      | Gained mutation: Your movements are less encumbered by armour (ER -4). [demonic ancestry]
  5791 | D:6      | Reached XP level 9. HP: 28/71 MP: 9/9
  6289 | D:7      | Found an ancient bone altar of Kikubaaqudgha.
  6540 | D:7      | Found a basalt altar of Yredelemnul.
  6590 | D:7      | Got a steaming robe
  6602 | D:7      | Identified the +0 robe of the Mice {Stlth+} (You found it on level 7 of the Dungeon)
  6697 | D:8      | Gained mutation: Your magical capacity is low (-10% MP). [Ru sacrifice]
  6697 | D:8      | Reached * piety under Ru
  6738 | D:8      | Found a deep blue altar of Sif Muna.
  6981 | D:8      | Reached skill level 1 in Long Blades
  7110 | D:8      | Reached skill level 5 in Dodging
  7454 | D:8      | Gained mutation: You have a pair of horns on your head. [demonic ancestry]
  7454 | D:8      | Reached XP level 10. HP: 71/79 MP: 9/9
  7866 | D:9      | Found a staircase to the Lair.
  8299 | D:9      | Found a staircase to the Orcish Mines.
  8337 | D:9      | Gained mutation: You cannot study or cast Air magic. [Ru sacrifice]
  8337 | D:9      | Gained mutation: You cannot study or cast Transmutations magic. [Ru sacrifice]
  8337 | D:9      | Gained mutation: You cannot study or cast Conjurations magic. [Ru sacrifice]
  8337 | D:9      | Reached ** piety under Ru
  8373 | D:9      | Found an iron altar of Okawaru.
  8910 | D:9      | Reached skill level 1 in Shields
  9187 | Lair:1   | Entered Level 1 of the Lair of Beasts
  9412 | Lair:1   | Gained mutation: You have a pair of large horns on your head. [demonic ancestry]
  9412 | Lair:1   | Reached XP level 11. HP: 34/85 MP: 9/9
  9862 | Lair:1   | Reached skill level 2 in Shields
  9879 | Lair:1   | Reached skill level 10 in Armour
  9989 | Lair:1   | Noticed Fannar
 10010 | Lair:1   | Reached skill level 3 in Shields
 10036 | Lair:1   | Killed Fannar
 10036 | Lair:1   | Reached skill level 4 in Shields
 10327 | Lair:1   | Reached skill level 5 in Shields
 10352 | Lair:1   | Reached skill level 6 in Shields
 10722 | Lair:2   | Gained mutation: You are hated by all. [Ru sacrifice]
 10722 | Lair:2   | Reached *** piety under Ru
 10726 | Lair:2   | Found a labyrinth entrance.
 10732 | Lab      | Entered a labyrinth
 10871 | Lab      | Noticed a minotaur
 10885 | Lab      | Killed a minotaur
 10900 | Lab      | Identified a +7 rod of shadows (13/13) (You found it in a labyrinth)
 11175 | Lair:2   | Noticed Gastronok
 11183 | Lair:2   | Reached skill level 7 in Shields
 11183 | Lair:2   | Reached XP level 12. HP: 75/92 MP: 10/10
 11437 | Lair:3   | Found a staircase to the Swamp.
 11934 | Lair:4   | Found a shimmering altar of Xom.
 12122 | Lair:4   | Noticed an eight-headed hydra
 12136 | Lair:4   | Killed an eight-headed hydra
 12136 | Lair:4   | Reached skill level 8 in Shields
 13378 | Lair:5   | Got a fine flail
 13379 | Lair:5   | Identified the +10 flail "Pedwad" {freeze, rElec rC+ Int-3 Dex+4} (You found it on level 5 of the Lair of Beasts)
 13453 | Lair:5   | Noticed a seven-headed hydra
 13458 | Lair:5   | Killed a seven-headed hydra
 13605 | Lair:5   | Reached skill level 1 in Evocations
 13871 | Lair:6   | Reached XP level 13. HP: 101/101 MP: 12/12
 13989 | Lair:6   | Found a staircase to the Snake Pit.
 14054 | Lair:6   | Identified a scroll of acquirement
 14177 | Lair:6   | Noticed Snorg
 14190 | Lair:6   | Killed Snorg
 14275 | Lair:6   | Gained mutation: You are frail (-10% HP). [Ru sacrifice]
 14275 | Lair:6   | Reached **** piety under Ru
 15114 | Lair:7   | Reached skill level 9 in Shields
 15648 | Lair:7   | Reached skill level 10 in Shields
 15671 | Lair:8   | Entered Level 8 of the Lair of Beasts
 15973 | Lair:7   | Reached XP level 14. HP: 62/97 MP: 9/15
 16141 | Lair:6   | Reached skill level 5 in Evocations
 16372 | Lair:7   | Reached skill level 11 in Shields
 16677 | Lair:8   | Noticed Maud
 16694 | Lair:8   | Killed Maud
 16967 | Lair:8   | Reached skill level 12 in Shields
 17231 | Lair:8   | Gained mutation: Your muscles are strong. (Str +2) [potion of beneficial mutation]
 17254 | Lair:8   | Got a brightly glowing tin ring
 17256 | Lair:8   | Identified the ring of the Eagle {MP+9 Str+2 Int+4 Dex+2} (You found it on level 8 of the Lair of Beasts)
 17291 | Lair:8   | Found a viscous altar of Jiyva.
 17291 | Lair:8   | Found a staircase to the Slime Pits.
 18053 | Lair:2   | Killed Gastronok
 18577 | Orc:1    | Entered Level 1 of the Orcish Mines
 18815 | Orc:1    | Found a roughly hewn altar of Beogh.
 18855 | Orc:1    | Found Howohoz's Weapon Shop.
 18983 | Orc:1    | Gained mutation: Your movements are significantly less encumbered by armour (ER -6). [demonic ancestry]
 18983 | Orc:1    | Reached XP level 15. HP: 102/102 MP: 16/16
 19064 | Orc:1    | Reached skill level 13 in Shields
 19228 | Orc:1    | Noticed cheese's ghost (journeyman GrBe)
 19261 | Orc:1    | Killed cheese's ghost
 19269 | Orc:1    | Reached skill level 10 in Dodging
 19435 | Orc:1    | Noticed a frost giant
 19456 | Orc:1    | Killed a frost giant
 19617 | Orc:2    | Entered Level 2 of the Orcish Mines
 19660 | Orc:2    | Found Zitec's General Store.
 19683 | Orc:2    | Found a staircase to the Elven Halls.
 19683 | Orc:2    | Found Ywo Esse's Jewellery Emporium.
 19878 | Orc:2    | Reached skill level 10 in Fighting
 19888 | Orc:2    | Found Etosin's Antique Weapon Emporium.
 19985 | Orc:2    | Found a roughly hewn altar of Beogh.
 20045 | Orc:2    | Noticed an orc warlord
 20046 | Orc:2    | Found Seujomih's General Store.
 20088 | Orc:1    | Killed an orc warlord
 20359 | Orc:2    | Found Mamneure's Antique Armour Emporium.
 20855 | Snake:1  | Entered Level 1 of the Snake Pit
 20855 | Snake:1  | Noticed a greater naga
 21243 | Lair:6   | Reached skill level 14 in Shields
 22312 | Lair:6   | Killed a greater naga
 22811 | Snake:1  | Reached XP level 16. HP: 69/110 MP: 17/17
 23460 | Snake:2  | Reached skill level 15 in Shields
 24204 | Snake:3  | Noticed Vashnia
 24268 | Snake:3  | Killed Vashnia
 24317 | Snake:3  | Found a deep blue altar of Sif Muna.
 24775 | Snake:3  | Reached skill level 15 in Armour
 24867 | Snake:4  | Entered Level 4 of the Snake Pit
 24885 | Snake:4  | Reached skill level 16 in Shields
 25010 | Snake:4  | Gained mutation: Your magical capacity is very low (-20% MP). [Ru sacrifice]
 25278 | Snake:4  | Reached XP level 17. HP: 107/116 MP: 16/16
 26046 | Snake:4  | Reached skill level 17 in Shields
 26396 | Snake:4  | Got a serpentine rune of Zot
 26632 | Swamp:1  | Entered Level 1 of the Swamp
 26720 | Swamp:1  | Noticed Minsecho's ghost (journeyman DrCj)
 26747 | Swamp:1  | Killed Minsecho's ghost
 26772 | Swamp:1  | Noticed crawlcharacter's ghost (adept HOBe)
 26902 | Swamp:1  | Killed crawlcharacter's ghost
 27446 | Swamp:2  | Reached skill level 10 in Maces & Flails
 27776 | Swamp:2  | Gained mutation: Your muscles are very strong. (Str +4) [potion of beneficial mutation]
 28188 | Swamp:2  | Got a twitching emerald amulet
 28190 | Swamp:2  | Identified the amulet of the Morning {+Rage +Inv Str+2 Int-4 Slay+5} (You found it on level 2 of the Swamp)
 28380 | Swamp:3  | Noticed Aizul
 28384 | Swamp:3  | Gained mutation: You are powered by pain. [demonic ancestry]
 28384 | Swamp:3  | Reached XP level 18. HP: 122/122 MP: 17/17
 28460 | Swamp:3  | Noticed Roxanne
 28477 | Swamp:3  | Killed Roxanne
 28653 | Swamp:3  | Killed Aizul
 28888 | Swamp:4  | Entered Level 4 of the Swamp
 29241 | Swamp:4  | Gained mutation: You cannot drink potions while threatened. [Ru sacrifice]
 29241 | Swamp:4  | Reached ***** piety under Ru
 29244 | Swamp:4  | Noticed the 27-headed Lernaean hydra
 29812 | Swamp:4  | Got a decaying rune of Zot
 30048 | Elf:1    | Entered Level 1 of the Elven Halls
 30048 | Elf:1    | Noticed Donald
 30054 | Elf:1    | Killed Donald
 30433 | Elf:2    | Noticed a Tzitzimitl
 30498 | Elf:2    | Found a magical portal.
 30505 | WizLab   | Entered Cigotuvi's Fleshworks
 30740 | WizLab   | Paralysed by a giant eyeball for 4 turns
 30947 | WizLab   | Lost mutation: Your muscles are very strong. (Str +4) [potion of cure mutation]
 30947 | WizLab   | Lost mutation: Your muscles are strong. (Str +2) [potion of cure mutation]
 30948 | WizLab   | Gained mutation: Your mind is acute. (Int +2) [potion of beneficial mutation]
 30949 | WizLab   | Gained mutation: Your muscles are strong. (Str +2) [potion of beneficial mutation]
 30950 | WizLab   | Gained mutation: You are agile. (Dex +2) [potion of beneficial mutation]
 31125 | WizLab   | Identified Cigotuvi's Compendium of Shape Shifting and Sinister Rites
 31130 | WizLab   | Identified the Collected Works on Shape Shifting (You found it in a wizard's laboratory)
 31215 | Elf:2    | Noticed Jorgrun
 31241 | Elf:2    | Noticed Saint Roka
 31495 | Elf:2    | Found a runed gate.
 31495 | Elf:2    | Found a runed gate.
 31496 | Elf:2    | Found a runed gate.
 31515 | Elf:2    | Gained mutation: You are mostly covered in sharp spines. [demonic ancestry]
 31515 | Elf:2    | Reached XP level 19. HP: 84/132 MP: 18/18
 31546 | Elf:2    | Killed Jorgrun
 31564 | Elf:2    | Killed Saint Roka
 31898 | Elf:3    | Entered Level 3 of the Elven Halls
 31921 | Elf:3    | Cast into level 2 of the Abyss (a deep elf sorcerer)
 32115 | Abyss:3  | Got an abyssal rune of Zot
 32186 | Abyss:3  | Reached skill level 18 in Shields
 32266 | Elf:3    | Escaped the Abyss
 32799 | Elf:3    | Cast into level 2 of the Abyss (a deep elf sorcerer)
 32921 | Elf:3    | Escaped the Abyss
 33664 | Elf:3    | Cast into level 3 of the Abyss (a deep elf sorcerer)
 33847 | Abyss:3  | Found a deep blue altar of Sif Muna.
 33868 | Abyss:3  | Paralysed by a sphinx for 4 turns
 33876 | Abyss:3  | Paralysed by a sphinx for 4 turns
 34063 | Elf:3    | Escaped the Abyss
 34065 | Elf:3    | Gained mutation: You are completely covered in sharp spines. [demonic ancestry]
 34065 | Elf:3    | Reached XP level 20. HP: 128/143 MP: 20/20
 34156 | Elf:3    | Noticed a Tzitzimitl
 34355 | Elf:3    | Lost mutation: Your mind is acute. (Int +2) [a neqoxec]
 34367 | Elf:3    | Cast into level 2 of the Abyss (a deep elf sorcerer)
 34367 | Abyss:2  | Found a corrupted altar of Lugonu.
 34401 | Abyss:2  | Noticed a profane servitor
 34551 | Abyss:2  | Noticed a bone dragon
 34605 | Abyss:2  | Killed a bone dragon
 34605 | Abyss:2  | Reached skill level 19 in Shields
 34704 | Elf:3    | Escaped the Abyss
 34868 | Elf:3    | HP: 7/143 [deep elf annihilator/crystal spear (72)]
 34928 | Elf:3    | Got a pair of dazzling gloves
 34934 | Elf:3    | Identified the +1 pair of gloves of Pride {rF- rN+++ Str-2 Dex+10} (You found it on level 3 of the Elven Halls)
 35034 | Elf:3    | Got a crude jade ring
 35036 | Elf:3    | Identified the ring "Veobupsi" {rCorr +Blink rPois Dex+3} (You took it off a deep elf elementalist on level 3 of the Elven Halls)
 35066 | Elf:3    | Got a pair of distressingly furry boots
 35072 | Elf:3    | Identified the +0 pair of boots of the Boiling Point {rPois MR- Dex+7 SInv} (You acquired it on level 3 of the Elven Halls)
 35237 | Orc:2    | Bought a +3 plate armour of fire resistance for 585 gold pieces
 35328 | D:10     | Entered Level 10 of the Dungeon
 35437 | D:10     | Found an oddly glowing altar of Pakellas.
 35745 | D:10     | Found a portal to a secret trove of treasure.
 37725 | D:13     | Found a gate to the Vaults.
 37730 | Vaults:1 | Entered Level 1 of the Vaults
 37943 | Vaults:1 | Paralysed by a great orb of eyes for 4 turns
 38137 | Vaults:2 | Found a staircase to the Crypt.
 38704 | Vaults:2 | Found Numuoh's Magic Scroll Shoppe.
 38712 | Vaults:2 | Bought 2 scrolls of teleportation for 60 gold pieces
 38712 | Vaults:2 | Bought a scroll of teleportation for 30 gold pieces
 38712 | Vaults:2 | Bought a scroll of teleportation for 30 gold pieces
 39007 | Vaults:3 | Reached skill level 20 in Shields
 39166 | Vaults:3 | Reached XP level 21. HP: 147/148 MP: 22/22
 39373 | Vaults:5 | Entered Level 5 of the Vaults
 40051 | Vaults:5 | Noticed an ancient lich
 40058 | Vaults:5 | Noticed Xtahua
 40098 | Vaults:5 | Found Arrillaf's Food Shop.
 40332 | Vaults:5 | Reached skill level 21 in Shields
 40425 | Vaults:5 | Killed Xtahua
 40429 | Vaults:5 | Reached XP level 22. HP: 154/154 MP: 23/23
 40444 | Vaults:5 | Noticed a golden dragon
 40456 | Vaults:5 | Killed a golden dragon
 40473 | Vaults:5 | Found Iqyurr's Antique Armour Boutique.
 40473 | Vaults:5 | Found Lunges's Magic Scroll Shoppe.
 40480 | Vaults:5 | Bought a translucent crystal plate armour for 3400 gold pieces
 40494 | Vaults:5 | Identified the cursed +0 crystal plate armour "Waybech" {rElec MR++} (You bought it in a shop on level 5 of the Vaults)
 40521 | Vaults:5 | Found Zekame's General Store.
 40526 | Vaults:5 | Bought a scroll of teleportation for 51 gold pieces
 40526 | Vaults:5 | Bought a scroll of blinking for 127 gold pieces
 40531 | Vaults:5 | Found Usovaef's Gadget Shoppe.
 40534 | Vaults:5 | Got a silver rune of Zot
 40592 | Vaults:5 | Noticed a golden dragon
 40603 | Vaults:5 | Killed a golden dragon
 40603 | Vaults:5 | Reached skill level 10 in Evocations
 40795 | Crypt:1  | Entered Level 1 of the Crypt
 41229 | Slime:1  | Entered Level 1 of the Pits of Slime
 41377 | Slime:4  | Gained mutation: You expend magic power (3 MP) to strengthen your wands. [a shining eye]
 42177 | Slime:6  | Entered Level 6 of the Pits of Slime
 42417 | Slime:5  | Reached skill level 22 in Shields
 42641 | Slime:6  | Found a viscous altar of Jiyva.
 42645 | Slime:6  | Noticed the Royal Jelly
 42748 | Slime:6  | Killed the Royal Jelly
 44101 | Crypt:2  | Noticed Margery
 44123 | Crypt:2  | Killed Margery
 44728 | Crypt:3  | Entered Level 3 of the Crypt
 44805 | Crypt:3  | Gained mutation: Your magical and physical power is slightly enhanced at high health. [demonic ancestry]
 44805 | Crypt:3  | Reached XP level 23. HP: 144/160 MP: 24/24
 45031 | Crypt:3  | Found an ancient bone altar of Kikubaaqudgha.
 45031 | Crypt:3  | Noticed an ancient lich
 45040 | Crypt:3  | Killed an ancient lich
 45103 | Crypt:3  | Got an ancient marble ring
 45105 | Crypt:3  | Identified the ring "Tes Gemm" {MP+9 Str+3 Int+4 Dex+6 Slay-3} (You found it on level 3 of the Crypt)
 45314 | Crypt:3  | Found a staircase to the Tomb.
 45339 | Tomb:1   | Entered Level 1 of the Tomb of the Ancients
 45478 | Tomb:1   | Paralysed by a sphinx for 3 turns
 45483 | Tomb:1   | Paralysed by a sphinx for 2 turns
 45786 | Tomb:1   | Reached skill level 15 in Maces & Flails
 46191 | Tomb:2   | Noticed a greater mummy
 46195 | Tomb:2   | Noticed a greater mummy
 46195 | Tomb:2   | Noticed a greater mummy
 47097 | Tomb:2   | Noticed a greater mummy
 47314 | Tomb:2   | Paralysed by a lich for 3 turns
 47327 | Tomb:1   | Killed a greater mummy
 47332 | Tomb:1   | Killed a greater mummy
 47704 | Tomb:2   | Killed a greater mummy
 47715 | Tomb:1   | Killed a greater mummy
 47867 | Tomb:2   | Noticed Khufu
 47879 | Tomb:2   | Killed Khufu
 47880 | Tomb:2   | Cast into level 4 of the Abyss (the power of Zot)
 47950 | Tomb:2   | Escaped the Abyss
 47955 | Tomb:2   | Noticed a greater mummy
 47959 | Tomb:2   | Noticed a greater mummy
 47963 | Tomb:2   | Killed a greater mummy
 47988 | Tomb:2   | Killed a greater mummy
 47988 | Tomb:2   | Gained mutation: Your magical and physical power is enhanced at high health. [demonic ancestry]
 47988 | Tomb:2   | Reached XP level 24. HP: 39/163 MP: 24/24
 48068 | Tomb:1   | Noticed a greater mummy
 48068 | Tomb:1   | Noticed a greater mummy
 48073 | Tomb:1   | Noticed a greater mummy
 48074 | Tomb:1   | Noticed a greater mummy
 48074 | Tomb:1   | Killed a greater mummy
 48077 | Tomb:1   | Noticed a greater mummy
 48366 | Tomb:1   | Noticed a greater mummy
 48366 | Tomb:1   | Noticed a greater mummy
 48367 | Tomb:1   | Noticed a greater mummy
 48371 | Tomb:1   | Killed a greater mummy
 48382 | Tomb:2   | Killed a greater mummy
 48671 | Tomb:1   | Noticed a greater mummy
 48672 | Tomb:1   | Noticed a greater mummy
 48676 | Tomb:1   | Noticed a greater mummy
 48677 | Tomb:1   | Killed a greater mummy
 48879 | Tomb:1   | Noticed a greater mummy
 49191 | Tomb:2   | Killed a greater mummy
 49500 | Tomb:2   | Killed a greater mummy
 49511 | Tomb:2   | Killed a greater mummy
 49536 | Tomb:2   | Killed a greater mummy
 49854 | Tomb:2   | Killed a greater mummy
 50177 | Tomb:1   | Killed a greater mummy
 50187 | Tomb:1   | Killed a greater mummy
 50190 | Tomb:1   | Killed a greater mummy
 50309 | Tomb:1   | Noticed a greater mummy
 50309 | Tomb:1   | Noticed a greater mummy
 50322 | Tomb:1   | Noticed a greater mummy
 50326 | Tomb:1   | Noticed a greater mummy
 50356 | Tomb:1   | Killed a greater mummy
 50356 | Tomb:1   | Lost intelligence.
 50378 | Tomb:1   | Killed a greater mummy
 50386 | Tomb:1   | Killed a greater mummy
 50438 | Tomb:1   | Noticed a greater mummy
 50439 | Tomb:1   | Killed a greater mummy
 50441 | Tomb:1   | Paralysed by a guardian mummy for 2 turns
 50449 | Tomb:1   | Killed a greater mummy
 50449 | Tomb:1   | Reached skill level 15 in Dodging
 51056 | Tomb:3   | Entered Level 3 of the Tomb of the Ancients
 51458 | Tomb:3   | Noticed an ancient lich
 51482 | Tomb:3   | Noticed a greater mummy
 51506 | Tomb:2   | Killed an ancient lich
 51773 | Tomb:3   | Noticed a greater mummy
 51775 | Tomb:3   | Noticed a greater mummy
 51822 | Tomb:2   | Killed a greater mummy
 52157 | Tomb:3   | Reached XP level 25. HP: 167/167 MP: 24/24
 52164 | Tomb:3   | Killed a greater mummy
 52443 | Tomb:2   | Killed a greater mummy
 52725 | Tomb:3   | Noticed a greater mummy
 52740 | Tomb:3   | Killed a greater mummy
 52741 | Tomb:3   | Noticed an ancient lich
 52742 | Tomb:3   | Noticed a greater mummy
 52747 | Tomb:3   | Noticed a greater mummy
 53001 | Tomb:3   | Noticed a greater mummy
 53013 | Tomb:3   | Killed a greater mummy
 53035 | Tomb:3   | Killed a greater mummy
 53053 | Tomb:3   | Killed a greater mummy
 53303 | Tomb:3   | Killed an ancient lich
 53392 | Tomb:3   | Got a bloodstained eveningstar
 53393 | Tomb:3   | Identified the +5 eveningstar of Purpose {freeze, rF+ Int+3} (You found it on level 3 of the Tomb of the Ancients)
 53431 | Tomb:3   | Reached XP level 26. HP: 164/179 MP: 24/25
 53473 | Tomb:3   | Got a golden rune of Zot
 54712 | Slime:6  | Got a slimy rune of Zot
 54775 | Slime:6  | Got a slimy bronze ring
 54777 | Slime:6  | Identified the ring of Hyfyl {rPois MR+} (You found it on level 6 of the Pits of Slime)
 55764 | D:15     | Entered Level 15 of the Dungeon
 55903 | D:15     | Found a staircase to the Depths.
 55911 | D:15     | Reached skill level 15 in Fighting
 55918 | Depths:1 | Entered Level 1 of the Depths
 56029 | Depths:4 | Noticed Frederick
 56030 | Depths:4 | Found a gateway to Hell.
 56043 | Depths:4 | Killed Frederick
 56102 | Hell     | Entered the Vestibule of Hell
 56102 | Hell     | Noticed Murray
 56102 | Hell     | Noticed Geryon
 56134 | Depths:4 | Noticed Sojobo
 56164 | Depths:4 | Killed Sojobo
 56341 | Hell     | Killed Murray
 56453 | Hell     | Killed Geryon
 56453 | Hell     | Gained mutation: Your magical and physical power is greatly enhanced at high health. [demonic ancestry]
 56453 | Hell     | Reached XP level 27. HP: 107/195 MP: 25/25
 56527 | Hell     | Found a gateway to the Iron City of Dis.
 56748 | Dis:1    | Entered Level 1 of the Iron City of Dis
 56748 | Dis:1    | Found a gateway to Hell.
 56820 | Dis:2    | Found a gateway to Hell.
 56870 | Dis:2    | You fall through a shaft!
 56930 | Dis:3    | Found a gateway to Hell.
 57117 | Dis:4    | Found a gateway to Hell.
 57210 | Dis:5    | Found a gateway to Hell.
 57297 | Dis:6    | Found a gateway to Hell.
 57342 | Dis:7    | Entered Level 7 of the Iron City of Dis
 57342 | Dis:7    | Found a gateway to Hell.
 57641 | Dis:7    | Lost mutation: Your muscles are strong. (Str +2) [a cacodemon]
 57733 | Dis:7    | Gained mutation: You are very frail (-20% HP). [a cacodemon]
 57796 | Dis:7    | Gained mutation: You tend to lose your temper in combat. [a cacodemon]
 57838 | Dis:7    | Lost mutation: You are very frail (-20% HP). [potion of cure mutation]
 57838 | Dis:7    | Lost mutation: You tend to lose your temper in combat. [potion of cure mutation]
 57838 | Dis:7    | Lost mutation: You expend magic power (3 MP) to strengthen your wands. [potion of cure mutation]
 57838 | Dis:7    | Lost mutation: You are agile. (Dex +2) [potion of cure mutation]
 58018 | Dis:7    | Found a gateway to Hell.
 58665 | Dis:7    | Found a gateway to Hell.
 59396 | Dis:7    | Noticed Dispater
 59675 | Dis:7    | Got an iron rune of Zot
 60142 | Hell     | Found a gateway to the freezing wastes of Cocytus.
 60178 | Coc:1    | Entered Level 1 of Cocytus
 60178 | Coc:1    | Found a gateway to Hell.
 60206 | Coc:2    | Found a gateway to Hell.
 60222 | Coc:2    | Reached skill level 23 in Shields
 60232 | Coc:2    | Found a gateway to Hell.
 60246 | Coc:3    | Found a gateway to Hell.
 60246 | Coc:3    | Found a gateway to Hell.
 60262 | Coc:4    | Found a gateway to Hell.
 60265 | Coc:4    | Gained mutation: Your magical capacity is extremely low (-30% MP). [Ru sacrifice]
 60265 | Coc:4    | Reached ****** piety under Ru
 60269 | Coc:5    | Found a gateway to Hell.
 60323 | Coc:6    | Found a gateway to Hell.
 60356 | Coc:6    | Found a gateway to Hell.
 60424 | Coc:6    | Found a gateway to Hell.
 60446 | Coc:7    | Entered Level 7 of Cocytus
 60706 | Coc:7    | Got an icy rune of Zot
 60719 | Coc:7    | Noticed Antaeus
 60724 | Coc:7    | Found a gateway to Hell.
 60724 | Coc:7    | Found a gateway to Hell.
 60724 | Coc:7    | Found a gateway to Hell.
 60787 | Hell     | Found a gateway to the ashen valley of Gehenna.
 61112 | Geh:1    | Entered Level 1 of Gehenna
 61112 | Geh:1    | Found a gateway to Hell.
 61191 | Geh:2    | Found a gateway to Hell.
 61221 | Geh:3    | Found a gateway to Hell.
 61442 | Geh:3    | Found a gateway to Hell.
 61657 | Geh:3    | Reached skill level 24 in Shields
 61702 | Geh:4    | Found a gateway to Hell.
 61702 | Geh:4    | Found a gateway to Hell.
 61880 | Geh:5    | Found a gateway to Hell.
 62010 | Geh:6    | Found a gateway to Hell.
 62067 | Geh:6    | Found a gateway to Hell.
 62370 | Geh:7    | Entered Level 7 of Gehenna
 62370 | Geh:7    | Found a gateway to Hell.
 62454 | Geh:7    | Found a gateway to Hell.
 63003 | Geh:7    | Reached skill level 25 in Shields
 63053 | Geh:7    | Noticed Asmodeus
 63073 | Geh:7    | Got an obsidian rune of Zot
 63305 | Hell     | Found a gateway to the decaying netherworld of Tartarus.
 63314 | Tar:1    | Entered Level 1 of Tartarus
 63314 | Tar:1    | Found a gateway to Hell.
 63543 | Tar:2    | Found a gateway to Hell.
 63547 | Tar:2    | Found a gateway to Hell.
 63907 | Tar:3    | Found a gateway to Hell.
 63926 | Tar:3    | Found a gateway to Hell.
 64111 | Tar:4    | Found a gateway to Hell.
 64141 | Tar:5    | Found a gateway to Hell.
 64141 | Tar:5    | Found a gateway to Hell.
 64215 | Tar:6    | Found a gateway to Hell.
 64480 | Tar:7    | Entered Level 7 of Tartarus
 64573 | Tar:7    | Reached skill level 26 in Shields
 64704 | Tar:7    | Noticed the Serpent of Hell
 64769 | Tar:7    | Paralysed by a vampire knight for 4 turns
 64793 | Tar:7    | Found a gateway to Hell.
 64909 | Tar:7    | Found a gateway to Hell.
 64936 | Tar:7    | Mangled by a reaper

Skill      XL: |  1  2  3  4  5  6  7  8  9 10 11 12 13 14 15 16 17 18 19 20 21 22 23 24 25 26 27 |
---------------+----------------------------------------------------------------------------------+-----
Maces & Flails | 3 4 5 8 10 12 13 14 17 18 | 18.4
Armour         | 1 2 3 5 7 9 10 12 13 14 15 16 17 18 19 21 | 21.0
Fighting       | 3 4 5 6 7 8 9 10 12 14 18 21 | 21.0
Dodging        | 3 5 8 9 10 11 12 13 15 16 17 | 17.4
Long Blades    | 2 4 |  4.4
Throwing       | 3 |  3.0
Shields        | 1 7 8 10 12 14 16 17 18 20 21 22 26 | 26.3
Evocations     | 1 4 5 6 7 8 9 10 11 | 11.5

Action                   |  1- 3 |  4- 6 |  7- 9 | 10-12 | 13-15 | 16-18 | 19-21 | 22-24 | 25-27 || total
-------------------------+-------+-------+-------+-------+-------+-------+-------+-------+-------++-------
Melee: Flail             |   136 |   250 |    23 |    61 |  1301 |  1571 |  1513 |   782 |       ||  5637
       Long sword        |       |       |   221 |   540 |     6 |       |       |       |       ||   767
       Headbutt          |       |       |    44 |   168 |   386 |   561 |   647 |   660 |  1436 ||  3902
       Eveningstar       |       |       |       |       |       |       |       |   685 |  3232 ||  3917
 Fire: Blowgun           |       |    18 |       |       |     3 |       |       |       |       ||    21
Throw: Throwing net      |       |       |       |       |       |       |       |       |     1 ||     1
Invok: Sacrifice Stealth |       |       |     1 |       |       |       |       |       |       ||     1
       Sacrifice Essence |       |       |     1 |       |       |     1 |       |       |     1 ||     3
       Sacrifice Arcana  |       |       |       |     1 |       |       |       |       |       ||     1
       Sacrifice Love    |       |       |       |     1 |       |       |       |       |       ||     1
       Reject Sacrifices |       |       |       |     1 |     2 |     1 |     3 |     1 |       ||     8
       Power Leap        |       |       |       |       |    10 |     5 |     1 |     2 |     4 ||    22
       Sacrifice Health  |       |       |       |       |     1 |       |       |       |       ||     1
       Draw Out Power    |       |       |       |       |       |     2 |     5 |    16 |    52 ||    75
       Sacrifice Drink   |       |       |       |       |       |     1 |       |       |       ||     1
       Apocalypse        |       |       |       |       |       |       |     6 |     8 |     9 ||    23
 Abil: Evoke Berserk Rag |       |       |       |       |       |       |       |     1 |       ||     1
Evoke: Rod               |       |       |       |     3 |       |     3 |       |     3 |     8 ||    17
       Wand              |       |       |       |       |       |     3 |     1 |    13 |    21 ||    38
       Disc of storms    |       |       |       |       |       |       |     4 |     7 |       ||    11
       Deck              |       |       |       |       |       |       |       |     1 |       ||     1
  Use: Potion            |       |     8 |       |     3 |     5 |     8 |     4 |     6 |    12 ||    46
       Scroll            |       |     7 |     2 |     9 |    12 |    11 |    14 |    24 |    23 ||   102
 Stab: Sleeping          |       |       |     1 |       |       |       |       |       |       ||     1
       Distracted        |       |       |       |     2 |     7 |    12 |    13 |     8 |    33 ||    75
       Invisible         |       |       |       |       |     8 |     8 |    18 |     4 |    24 ||    62
       Paralysed         |       |       |       |       |       |       |    15 |    10 |    23 ||    48
       Petrifying        |       |       |       |       |       |       |       |       |     3 ||     3
  Eat: Chunk             |     1 |     4 |    12 |    23 |    26 |    17 |    24 |     7 |     1 ||   115
       Meat ration       |       |     1 |       |       |       |       |       |     4 |     6 ||    11
       Fruit             |       |       |       |     3 |       |     4 |     2 |     2 |     5 ||    16
       Beef jerky        |       |       |       |       |     2 |     8 |     2 |     2 |       ||    14
       Pizza             |       |       |       |       |     1 |     1 |     1 |     5 |     5 ||    13
       Bread ration      |       |       |       |       |       |       |       |     1 |     1 ||     2
       Royal jelly       |       |       |       |       |       |       |       |       |     1 ||     1
Armor: Leather armour    |    12 |       |       |       |       |       |       |       |       ||    12
       Ring mail         |    35 |    72 |       |       |       |       |       |       |       ||   107
       Scale mail        |       |    97 |   106 |    52 |       |       |       |       |       ||   255
       Chain mail        |       |       |       |    94 |       |       |       |       |       ||    94
       Plate armour      |       |       |       |   104 |   360 |   315 |   148 |    18 |       ||   945
       Gold dragon armou |       |       |       |       |       |       |       |   293 |   683 ||   976
Dodge: Dodged            |    98 |   303 |   138 |   335 |   461 |   551 |   420 |   586 |  1442 ||  4334
       Deflected         |       |       |       |       |       |       |       |       |    11 ||    11
Block: Buckler           |       |       |       |   121 |    52 |       |       |       |       ||   173
       Large shield      |       |       |       |       |  1377 |  1810 |  1453 |  1743 |  4526 || 10909
